 Dungeon Crawl Stone Soup version 0.28-a0-851-g8b9cc49659 (webtiles) character file.

Game seed: 72789128036027104

5151 ytrimaz the Cleaver (level 10, -1/96 HPs)
             Began as a Gargoyle Berserker on Nov 14, 2021.
             Was an Elder of Trog.
             Splashed by a brown ugly thing's acid (9 damage)
             ... on level 8 of the Dungeon.
             The game lasted 00:10:52 (7512 turns).

ytrimaz the Cleaver (Gargoyle Berserker)            Turns: 7512, Time: 00:10:52

Health: -1/96      AC: 18    Str: 24    XL:     10   Next: 59%
Magic:  10/10      EV: 11    Int:  8    God:    Trog [****..]
Gold:   161        SH:  0    Dex:  9    Spells: 9/9 levels left

rFire   . . .      SeeInvis +   q - +2 hand axe (elec)
rCold   . . .      Faith    .   (no shield)
rNeg    + . .      Spirit   .   F - +1 scale mail {Will+}
rPois   ∞          Reflect  .   H - +1 helmet {SInv}
rElec   +          Harm     .   y - +1 cloak
rCorr   .          Rampage  .   (no gloves)
Will    +....                   (no boots)
Stlth   ..........              t - amulet of regeneration
HPRegen 1.26/turn               (no ring)
MPRegen 0.12/turn               (no ring)

@: berserking (expiring), corroded, hasted, invisible, very quick
A: sickness immunity, AC +7, negative energy resistance 1, electricity
resistance, torment resistance 1, petrification resistance, iridescent scales 1,
MP-powered wands
a: Renounce Religion, Berserk, Trog's Hand, Brothers in Arms


You were on level 8 of the Dungeon.
You worshipped Trog.
Trog was greatly pleased with you.
You visited 1 branch of the dungeon, and saw 8 of its levels.

You collected 496 gold pieces.
You spent 335 gold pieces at shops.

Inventory:

Hand Weapons
 a - a +0 hand axe
 q - a +2 hand axe of electrocution (weapon)
 w - a +0 war axe
Missiles
 C - 3 javelins (quivered)
 E - 5 throwing nets
Armour
 j - a +1 ring mail of positive energy
 y - a +1 cloak (worn)
 F - a +1 scale mail of willpower (worn)
 H - a +1 helmet of see invisible (worn)
Jewellery
 t - an amulet of regeneration (around neck)
 K - an amulet of guardian spirit
Wands
 n - a wand of iceblast (7)
 o - a wand of acid (10)
 z - a wand of flame (18)
 I - a wand of polymorph (14)
Scrolls
 b - 4 scrolls of holy word
 k - 4 scrolls of teleportation
 m - 2 scrolls of enchant weapon
 p - 2 scrolls of enchant armour
 r - 2 scrolls of magic mapping
 B - a scroll of vulnerability
 G - a scroll of fog
 L - 3 scrolls of noise
Potions
 d - 7 potions of curing
 f - a potion of magic
 g - 2 potions of lignification
 h - a potion of haste
 i - a potion of mutation
 l - 3 potions of heal wounds
 u - a potion of degeneration {unknown}
 v - a potion of might {unknown}
 A - a potion of flight {unknown}
 D - a potion of brilliance {unknown}
 J - a potion of resistance {unknown}


   Skills:
 * Level 8.3 Fighting
 + Level 9.0 Axes
 * Level 3.2 Throwing
 * Level 7.5 Armour
 + Level 5.8 Dodging


You had 9 spell levels left.
You didn't know any spells.
Your spell library was empty.

Dungeon Overview and Level Annotations

Branches:
Dungeon (8/15)             Temple (0/1) D:4
   Lair: D:8-11

Altars:
Ashenzari
Fedhas
Gozag
Nemelex Xobeh
Ru
Vehumet
Wu Jian
Lugonu

Shops:
D:4 !   D:8 ?(*

Annotations:
D:8 1 transporter


Innate Abilities, Weirdness & Mutations

You are immune to sickness and miasma.
Your stone body is resilient. (AC +7)
You are immune to poison.
You resist negative energy. (rN+)
You are resistant to electric shocks. (rElec)
You are resistant to unholy torment.
You are immune to petrification.
You are partially covered in iridescent scales. (AC +2)
You expend magic power (3 MP) to strengthen your wands.


Message History

Unknown command.
You hit the ancient zyme but do no damage.
The ancient zyme is severely damaged.
You barely miss the cyan ugly thing. You closely miss the green ugly thing.
You closely miss the brown ugly thing.
Your skin stops crawling.
You feel less strong-willed.
Unknown command.
You barely miss the ancient zyme.
The ancient zyme is severely damaged.
You closely miss the cyan ugly thing. You closely miss the green ugly thing.
You hit the brown ugly thing but do no damage.
Lightning courses through the brown ugly thing!
You kill the brown ugly thing!
Trog accepts your kill. The ancient zyme misses you.
The ancient zyme hits you but does no damage.
Your Axes skill increases to level 9!
Unknown command.
You slash the ancient zyme!
The ancient zyme is almost destroyed.
You slash the green ugly thing! You slash the cyan ugly thing!
The green ugly thing tentacle-slaps you but does no damage.
Unknown command.
You closely miss the cyan ugly thing.
The cyan ugly thing is severely wounded.
You barely miss the ancient zyme. You slash the brown ugly thing!
You strike the helpless green ugly thing from behind!
You slash the green ugly thing!
The cyan ugly thing trunk-slaps you but does no damage.
The ancient zyme closely misses you. The ancient zyme hits you.
* * * LOW HITPOINT WARNING * * *
The green ugly thing basks in the mutagenic energy from its kin and changes!
You hit the ancient zyme.
You destroy the ancient zyme!
Trog accepts your kill.
You slash the brown ugly thing! x2; You barely miss the cyan ugly thing.
The brown ugly thing gores you!
* * * LOW HITPOINT WARNING * * *
You are splashed with acid!
You die...

#...<..........................##
#.......####.....####.....#......
#......##..##...##|(##...^#######
#......#[..##...##...##....# ###.
####...#....##.##...!##...####...
##..###...###...###...........
##..###.......###............
#....##...xu##..............
#....©#.._u@#©..............
##...##...u.##........#.....
##.###.......###......#..#.#
#.###...###...###.......##..
#.#.#..## ##...x#.....))###.
#.#u.### ###..#......).##.
#.##.©##### ..##...........
##.####...######.....##.....
#............##..##..##.....


You could see 3 ugly things and a small abomination.

Vanquished Creatures
  Harold (D:8)
  Pikel (D:8)
  An ugly thing (D:8)
  An ancient zyme (D:8)
  Sigmund (D:2)
  A wyvern (D:8)
  Menkaure (D:6)
  A steam dragon (D:5)
  2 water moccasins (D:5)
  3 small abominations (D:8)
  2 black bears
  6 orc warriors (D:8)
  An ice beast (D:7)
  A centaur (D:8)
  2 ogres
  3 lemures (D:8)
  2 kobold brigands
  A bullfrog (D:7)
  A gnoll sergeant (D:8)
  2 scorpions
  A wyvern skeleton (D:7)
  A howler monkey (D:6)
  3 hounds
  5 orc priests
  3 centaur skeletons
  2 gnoll shamans (D:8)
  3 iguanas
  Natasha (thrice) (D:3)
  8 orc wizards
  2 hound skeletons (D:4)
  11 gnolls (D:8)
  6 adders
  A howler monkey skeleton (D:4)
  3 shadow imps
  An ufetubus (D:5)
  2 adder skeletons (D:4)
  3 worms (D:3)
  A dart slug (D:2)
  38 orcs
  6 endoplasms
  A giant cockroach (D:4)
  8 goblins
  6 hobgoblins
  6 jackals
  3 quokkas
  4 ball pythons
  3 bats
  8 frilled lizards (D:3)
  12 kobolds
  A rat (D:2)
  A spectral hobgoblin (D:3)
190 creatures vanquished.

Vanquished Creatures (others)
  An orc (D:6)
  9 fungi (D:6)
  19 plants
29 creatures vanquished.

Grand Total: 219 creatures vanquished

Notes
Turn   | Place    | Note
-------+----------+-------------------------------------------
     0 | D:1      | ytrimaz the Gargoyle Berserker began the quest for the Orb.
     0 | D:1      | Reached XP level 1. HP: 14/14 MP: 1/1
   767 | D:2      | Reached XP level 2. HP: 19/19 MP: 2/2
   847 | D:2      | Found an opulent altar of Gozag.
   994 | D:2      | Reached skill level 3 in Axes
  1200 | D:2      | Reached XP level 3. HP: 19/24 MP: 3/3
  1499 | D:2      | Noticed Sigmund
  1515 | D:2      | Killed Sigmund
  1516 | D:2      | Reached skill level 4 in Axes
  1516 | D:2      | Reached XP level 4. HP: 6/29 MP: 4/4
  1516 | D:2      | Reached XP level 5. HP: 7/33 MP: 5/5
  2160 | D:3      | Noticed Natasha
  2176 | D:3      | Killed Natasha
  2612 | D:3      | Found a faded altar of an unknown god.
  2925 | D:3      | You fall into a shaft and drop 1 floor!
  2929 | D:4      | Found Usagast's Distillery.
  2930 | D:4      | Reached ** piety under Trog
  3015 | D:4      | Bought a potion of mutation for 104 gold pieces
  3105 | D:4      | Reached XP level 6. HP: 38/38 MP: 6/6
  3105 | D:4      | Gained mutation: You expend magic power (3 MP) to
                  | strengthen your wands. [potion of mutation]
  3105 | D:4      | Gained mutation: You are partially covered in iridescent
                  | scales. (AC +2) [potion of mutation]
  3241 | D:4      | Found a broken altar of Ashenzari.
  3371 | D:4      | Found a staircase to the Ecumenical Temple.
  3590 | D:4      | Found a sparkling altar of Nemelex Xobeh.
  4071 | D:3      | Noticed Natasha
  4081 | D:3      | Killed Natasha
  4234 | D:3      | Noticed Natasha
  4240 | D:3      | Killed Natasha
  4374 | D:5      | Entered Level 5 of the Dungeon
  4404 | D:5      | Reached XP level 7. HP: 40/44 MP: 7/7
  4501 | D:5      | Reached skill level 5 in Axes
  4645 | D:5      | Noticed a steam dragon
  4653 | D:5      | Killed a steam dragon
  4767 | D:5      | Reached XP level 8. HP: 34/48 MP: 8/8
  4836 | D:5      | Reached skill level 6 in Axes
  5036 | D:6      | Found a blossoming altar of Fedhas.
  5322 | D:6      | Found an ornate altar of the Wu Jian Council.
  5376 | D:6      | Reached skill level 5 in Fighting
  5463 | D:6      | Found a sacrificial altar of Ru.
  5514 | D:6      | Noticed Menkaure
  5530 | D:6      | Killed Menkaure
  5822 | D:6      | Reached skill level 5 in Armour
  5985 | D:7      | Reached skill level 7 in Axes
  5990 | D:7      | Reached skill level 5 in Dodging
  6024 | D:7      | Reached XP level 9. HP: 49/55 MP: 9/9
  6325 | D:7      | Found a radiant altar of Vehumet.
  6437 | D:7      | Reached *** piety under Trog
  6586 | D:8      | Noticed Harold
  6599 | D:8      | Killed Harold
  6600 | D:8      | Reached skill level 8 in Axes
  6600 | D:8      | Reached skill level 1 in Throwing
  6869 | D:8      | Noticed a white ugly thing
  6870 | D:8      | Noticed an ancient zyme
  6871 | D:8      | Found a corrupted altar of Lugonu.
  6871 | D:8      | Noticed a green ugly thing
  6872 | D:8      | Noticed a brown ugly thing
  6873 | D:8      | Noticed a brown ugly thing
  6948 | D:8      | Found Cedisk's General Store.
  6960 | D:8      | Reached XP level 10. HP: 58/63 MP: 10/10
  6982 | D:8      | Noticed Pikel
  6982 | D:8      | Bought a +1 helmet of see invisible for 231 gold pieces
  7000 | D:8      | Killed Pikel
  7118 | D:8      | Found a transporter.
  7127 | D:8      | Found a transporter.
  7252 | D:8      | Reached **** piety under Trog
  7314 | D:8      | Found Obreit's Antique Weapon Shoppe.
  7321 | D:8      | Found Sephuen's Magic Scroll Emporium.
  7509 | D:8      | Killed a brown ugly thing
  7510 | D:8      | Reached skill level 9 in Axes
  7512 | D:8      | Splashed by a brown ugly thing's acid

Illustrated notes

Levels and vault maps discovered:
D:1:      ncdulo_smallfort, layout_basic
D:2:      layout_loops_cross, basic_altar, uniq_sigmund
D:3:      layout_loops_corners, dreamdust_ecumenical_altar_drowned_temple,
          minmay_lizard_king, uniq_natasha
D:4:      minmay_wonky_spiral, layout_rooms, nemelex_dance_club_becter,
          nicolae_ashenzari_panopticon, serial_shops,
          nicolae_inconvenience_store
D:5:      layout_cave_pools
D:6:      layout_loops_ring, fedhas_altar_3,
          mainiacjoe_overflow_large_starburst, uniq_menkaure
D:7:      layout_gridville, old_standard_altar
D:8:      gammafunk_corrupted_shrine, layout_cave_pools, special_room
          [special_room_orc], serial_shops, nicolae_stop_n_shop_2,
          nicolae_shop_overgrown_old_shop, shop_scrolls, uniq_harold, uniq_pikel

Skill      XL: |  1  2  3  4  5  6  7  8  9 10 |
---------------+-------------------------------+-----
Axes           | 3 4 5 7 8 9 |  9.0
Dodging        | 2 3 4 5 |  5.8
Fighting       | 4 5 7 8 |  8.3
Armour         | 3 4 5 6 7 |  7.5
Throwing       | 2 3 |  3.2

Action                   |  1- 3 |  4- 6 |  7- 9 | 10-12 || total
-------------------------+-------+-------+-------+-------++-------
Melee: Hand axe          |    62 |   154 |   217 |    91 ||   524
Invok: Berserk           |     1 |     1 |     6 |     3 ||    11
       Trog's Hand       |       |     1 |    10 |     4 ||    15
  Use: Scroll            |     4 |     3 |     3 |     3 ||    13
       Potion            |       |     1 |       |     4 ||     5
 Stab: Distracted        |       |     1 |       |       ||     1
       Invisible         |       |       |       |     4 ||     4
Armor: Leather armour    |    18 |    57 |   116 |       ||   191
       Animal skin       |     2 |       |       |       ||     2
       Scale mail        |       |       |    25 |    73 ||    98
Dodge: Dodged            |    51 |   113 |   192 |    76 ||   432

Table legend: (Time is in decaauts)
 A = Elapsed time spent in this place.
 B = Non-inter-level travel time spent in this place.
 C = Inter-level travel time spent in this place.
 D = Time resting spent in this place.
 E = Time spent auto-exploring this place.
 F = Levels seen in this place.
 G = Mean time per level.
                   A        B        C        D        E       F      G
               +--------+--------+--------+--------+--------+-----+--------+
         Total |   7628 |   7387 |    241 |   1539 |   4450 |   8 |  953.5 |
       Dungeon |   7628 |   7387 |    241 |   1539 |   4450 |   8 |  953.5 |
               +--------+--------+--------+--------+--------+-----+--------+

Top non-repeatable levels by time:
     D:3: 1476 daAuts
     D:2: 1367 daAuts
     D:6: 956 daAuts
     D:4: 827 daAuts
     D:7: 805 daAuts
     D:1: 761 daAuts
     D:8: 751 daAuts
     D:5: 680 daAuts
